Map: 2000 애트모스피어 - 래더

Players

herO - Winner!

  • Race: Protoss Protoss

Cyan

  • Race: Protoss Protoss

Event: IEM Katowice 2022

VOD

Have the link to the VOD?

Description

Time

  • Played on: Feb. 23, 2022, 9:49 a.m.
  • Length: 12:04

All games in this series

Show
View Real Time Build Order
Export as new Build Order

herO Protoss - Winner!

Build Orders:  

Get SALT Encoding   

  12  0:00  Probe  
  13  0:12  Probe  
  14  0:17  Pylon  
  14  0:24  Probe (Chrono Boost)  
  16  0:36  Gateway, Probe (Chrono Boost)  
  16  0:44  Probe (Chrono Boost)  
  16  0:46  Assimilator  
  17  0:50  Probe  
  17  0:55  Assimilator  
  18  1:02  Probe (Chrono Boost)  
  19  1:07  Gateway  
  20  1:12  Probe (Chrono Boost)  
  20  1:17  Probe (Chrono Boost)  
  20  1:24  Cybernetics Core  
  21  1:29  Probe  
  22  1:37  Pylon  
  22  1:41  Probe  
  23  1:55  Probe  
  23  1:58  Warp Gate (Chrono Boost)  
  23  2:01  Stalker x2  
  28  2:12  Pylon  
  28  2:26  Robotics Facility  
  28  2:32  Stalker  
  30  2:37  Stalker  
  32  2:45  Gateway  
  31  2:59  Probe  
  31  3:02  Stalker  
  34  3:07  Stalker  
  34  3:10  Pylon  
  36  3:22  Warp Prism (Chrono Boost)  
  38  3:47  Stalker x2  
  40  3:51  Stalker  
  41  4:00  Observer  
  42  4:15  Probe  
  41  4:18  Stalker x3  
  47  4:35  Pylon  
  47  4:41  Probe  
  44  4:54  Probe  
  44  4:56  Stalker x2  
  42  5:07  Probe  
  43  5:20  Stalker x2  
  45  5:22  Stalker  
  45  5:28  Probe (Chrono Boost)  
  48  5:39  Probe (Chrono Boost)  
  47  5:44  Probe (Chrono Boost)  
  48  5:54  Probe (Chrono Boost)  
  47  6:01  Adept x3  
  51  6:06  Probe (Chrono Boost)  
  51  6:09  Pylon  
  50  6:14  Probe (Chrono Boost)  
  44  6:25  Adept  
  44  6:26  Adept  
  44  6:29  Stalker  
  49  6:34  Probe  
  50  6:44  Twilight Council  
  50  6:46  Probe  
  51  7:02  Stalker x2  
  55  7:18  Blink (Chrono Boost)  
  55  7:23  Observer  
  55  7:29  Observer  
  55  7:32  Observer  
  55  7:41  Nexus  
  55  7:45  Sentry  
  57  7:52  Probe  
  57  7:55  Sentry  
  60  8:00  Shield Battery  
  60  8:04  Probe  
  61  8:08  Sentry  
  61  8:09  Pylon  
  63  8:22  Phoenix  
  63  8:27  Probe (Chrono Boost)  
  63  8:28  Observer  
  64  8:36  Pylon  
  64  8:39  Probe (Chrono Boost)  
  65  8:43  Forge  
  65  8:44  Probe (Chrono Boost)  
  66  8:53  Probe  
  66  8:54  Probe  
  68  8:56  Observer  
  68  9:02  Stalker x2  
  73  9:06  Probe  
  73  9:07  Probe  
  73  9:09  Protoss Ground Weapons Level 1 (Chrono Boost)  
  75  9:10  Assimilator  
  75  9:25  Gateway  
  75  9:26  Gateway  
  75  9:29  Probe  
  76  9:49  Nexus  
  76  9:50  Pylon  
  76  9:57  Stalker  
  78  10:00  Stalker  
  80  10:09  Probe x2  
  82  10:21  Probe x2  
  84  10:28  Stalker  
  84  10:29  Stalker x3  
  84  10:34  Probe x2  
  94  10:46  Probe x2  
  94  10:47  Observer  
  96  10:58  Observer  
  96  11:01  Stalker x4  
  104  11:10  Observer  
  104  11:14  Probe x3  
  107  11:20  Pylon  
  107  11:30  Stalker x3  
  107  11:32  Stalker  
  115  11:45  Probe  
  115  11:46  Probe  
  114  11:47  Probe  
  114  11:53  Stalker x4  
  120  11:56  Stalker  
Show
View Real Time Build Order
Export as new Build Order

Cyan Protoss 

Build Orders: Oracle Opening 

Get SALT Encoding   

  12  0:00  Probe  
  13  0:12  Probe  
  14  0:17  Pylon  
  14  0:24  Probe (Chrono Boost)  
  15  0:36  Gateway, Probe (Chrono Boost)  
  16  0:44  Probe (Chrono Boost)  
  16  0:45  Assimilator  
  17  0:51  Probe  
  17  0:54  Assimilator  
  18  1:03  Probe (Chrono Boost)  
  19  1:07  Gateway  
  19  1:12  Probe (Chrono Boost)  
  19  1:17  Probe (Chrono Boost)  
  20  1:25  Cybernetics Core  
  21  1:29  Probe  
  22  1:35  Pylon  
  22  1:41  Probe  
  23  1:53  Probe  
  24  2:00  Warp Gate (Chrono Boost)  
  24  2:02  Stalker x2  
  28  2:10  Pylon  
  28  2:15  Probe  
  29  2:26  Stargate  
  29  2:29  Pylon  
  29  2:36  Stalker  
  31  2:44  Stalker  
  32  3:06  Nexus  
  32  3:11  Oracle (Chrono Boost)  
  32  3:19  Probe  
  36  3:25  Pylon  
  36  3:31  Probe  
  37  3:43  Oracle  
  38  3:48  Stalker  
  40  3:58  Stalker  
  42  4:03  Shield Battery  
  42  4:09  Pylon  
  42  4:17  Stalker  
  42  4:24  Stalker  
  42  4:29  Shield Battery  
  38  4:39  Probe  
  38  4:42  Stalker  
  34  4:48  Stalker  
  34  4:53  Probe  
  30  5:06  Stalker  
  33  5:11  Stalker  
  34  5:28  Stalker  
  36  5:35  Stalker  
  38  5:45  Shield Battery  
  38  5:52  Stalker  
  40  6:03  Stalker  
  42  6:17  Probe (Chrono Boost)  
  39  6:28  Sentry  
  39  6:29  Probe (Chrono Boost)  
  42  6:36  Probe (Chrono Boost)  
  43  6:43  Probe (Chrono Boost)  
  44  6:52  Robotics Facility  
  45  6:54  Probe (Chrono Boost)  
  45  6:59  Probe (Chrono Boost)  
  44  7:09  Probe  
  42  7:21  Probe  
  43  7:28  Stalker  
  45  7:42  Phoenix (Chrono Boost)  
  45  7:44  Pylon  
  46  7:47  Observer  
  47  8:02  Probe  
  48  8:09  Immortal (Chrono Boost)  
  52  8:14  Probe  
  53  8:21  Pylon  
  53  8:31  Probe  
  54  8:43  Probe  
  55  8:50  Nexus  
  55  9:10  Immortal  
  55  9:16  Probe  
  60  9:30  Probe  
  61  9:40  Robotics Bay  
  61  9:43  Probe  
  62  9:55  Probe  
  63  10:01  Immortal (Chrono Boost)  
  63  10:06  Probe  
  68  10:10  Sentry  
  68  10:13  Probe  
  71  10:18  Probe  
  72  10:30  Stalker  
  72  10:32  Probe x2  
  76  10:39  Pylon  
  76  10:48  Probe  
  77  10:57  Nexus, Disruptor  
  77  11:00  Probe  
  77  11:03  Pylon  
  81  11:08  Probe  
  82  11:22  Shield Battery  
  82  11:24  Shield Battery  
  82  11:29  Disruptor (Chrono Boost)  
  82  11:32  Stalker x2  
  86  11:38  Robotics Facility  
  64  11:58  Stalker  
  64  12:00  Stalker  

Tags
 
Add a new tag
Caveats
  • Supply blocks, unpowered buildings, or Contaminate may cause inaccurate times.
  • Supply counts are checked every 10 seconds.